 Dungeon Sprint DCSS version 0.30-a0-29-g142975f185 (webtiles) character file.

Game seed: 6364615727109860742

200 enile the Fighter (level 6, -2/60 HPs)
             Began as a Formicid Artificer on Aug 27, 2022.
             Was an Initiate of Gozag.
             Slain by a gargoyle
             ... wielding a +0 mace
              (15 damage)
             ... in the Dungeon (Sprint IX: "|||||||||||||||||||||||||||||").
             The game lasted 00:01:50 (520 turns).

enile the Fighter (Formicid Artificer)               Turns: 520, Time: 00:01:50

Health: -2/60      AC:  7    Str: 21    XL:     6   Next: 7%
Magic:  6/6        EV: 15    Int: 11    God:    Gozag
Gold:   0          SH:  0    Dex: 14    Spells: 5/5 levels left

rFire   . . .      SeeInvis +    p - +4 quarterstaff (speed)
rCold   . . .      Faith    .    (no shield)
rNeg    . . .      Spirit   .    s - +2 ring mail
rPois   .          Reflect  .    (helmet unavailable)
rElec   .          Harm     .    (no cloak)
rCorr   .          Rampage  .    (no gloves)
Will    .....                    (no boots)
Stlth   +.........               (no amulet)
HPRegen 0.20/turn                t - +2 ring of evasion
MPRegen 0.10/turn                u - +3 ring of strength

@: no status effects
A: permanent stasis, dig shafts and tunnels, antennae 3, four strong arms
a: Dig, Renounce Religion, Potion Petition, Call Merchant, Bribe Branch


You were in the Dungeon.
You worshipped Gozag.
Gozag was noncommittal.
You visited 1 branch

Inventory:

Hand Weapons
 a - a +0 club
 i - a +0 whip
 m - a +1 broad axe of freezing
 n - a +2 halberd of protection
 o - a +2 morningstar of protection
 p - a +4 quarterstaff of speed (weapon)
 q - a +2 rapier of draining
 r - a +2 scimitar of flaming
Armour
 b - a +0 leather armour
 s - a +2 ring mail (worn)
Jewellery
 t - a +2 ring of evasion (left hand)
 u - a +3 ring of strength (right hand)
Wands
 c - a wand of flame (15) (quivered)
 d - a wand of charming (11)
 e - a wand of iceblast (5)
 l - a wand of light (10)
Scrolls
 k - 2 scrolls of amnesia
Potions
 f - 5 potions of curing
 g - a potion of heal wounds
 h - 4 potions of magic
 j - a potion of invisibility


   Skills:
 - Level 10.0 Fighting
 + Level 3.6 Armour
 - Level 5.0 Dodging
 - Level 1.2 Stealth
 - Level 5.0 Evocations


You had 5 spell levels left.
You didn't know any spells.
Your spell library was empty.

Dungeon Overview and Level Annotations

Branches:
Dungeon (1/1)

Altars:
Cheibriados
Dithmenos
Elyvilon
Fedhas
Gozag
Hepliaklqana
Kikubaaqudgha
Makhleb
Nemelex Xobeh
Okawaru
Qazlal
Ru
Sif Muna
Trog
Uskayaw
Vehumet
Wu Jian
Xom
Yredelemnul
Zin
The Shining One
Jiyva
Lugonu


Innate Abilities, Weirdness & Mutations

You cannot be hasted, slowed, berserked, paralysed or teleported.
You can dig through walls and to a lower floor.
You have a pair of large antennae on your head. (SInv)
Your four strong arms can wield two-handed weapons with a shield.


Message History

The gargoyle is almost destroyed.
The gargoyle hits you with a +0 mace!
You hit the gargoyle but do no damage.
The gargoyle is almost destroyed.
The gargoyle hits you but does no damage.
You hit the gargoyle but do no damage.
The gargoyle is almost destroyed.
The gargoyle hurls a stone arrow at you.
The stone arrow hits you!!
* * * LOW HITPOINT WARNING * * *
You feel much better.
The gargoyle hurls a stone arrow at you.
The stone arrow hits you!!
* * * LOW HITPOINT WARNING * * *
You feel much better.
The gargoyle hurls a stone arrow at you.
The stone arrow misses you.
You hit the gargoyle but do no damage.
The gargoyle is almost destroyed.
The gargoyle completely misses you.
You hit the gargoyle but do no damage.
The gargoyle is almost destroyed.
The gargoyle hurls a stone arrow at you.
The stone arrow hits you!!
You hit the gargoyle but do no damage.
The gargoyle is almost destroyed.
The gargoyle closely misses you.
Aiming: Charm
Press: ? - help, Shift-Dir - straight line, f - gargoyle
Aim: a gargoyle, wielding a +0 mace (almost destroyed, chance to affect: 44%)
The gargoyle resists with some effort.
The gargoyle hurls a stone arrow at you.
The stone arrow hits you!
* * * LOW HITPOINT WARNING * * *
Aiming: Charm
Press: ? - help, Shift-Dir - straight line, f/p - gargoyle
Aim: a gargoyle, wielding a +0 mace (almost destroyed, chance to affect: 44%)
The gargoyle resists with some effort.
The gargoyle hits you with a +0 mace!
You die...
Your body crumbles into a pile of gold. $$$$$ $$$$$ $ $ $ $$$$$ {{ {{{{{{ {{{{{{{{ $ ▓▓▓▓▓▓▓▓▓▓▓▓▓▓▓▓▓▓▓▓▓▓▓▓ ______'.?..[[..$@9oyK..+ ▓▓▓▓▓▓▓▓▓▓▓▓▓▓▓▓▓▓▓▓▓▓▓▓

You could see an orc warrior, a vampire mosquito, a gargoyle and a kobold brigand.

Vanquished Creatures
  A yak (D)
  An orc wizard (D)
  A giant cockroach (D)
  2 hobgoblins (D)
  A kobold (D)
  A quokka (D)
  A ball python (D)
8 creatures vanquished.

Vanquished Creatures (collateral kills)
  A hound (D)
  An orc (D)
  A quokka (D)
3 creatures vanquished.

Vanquished Creatures (others)
  A hound (D)
1 creature vanquished.

Grand Total: 12 creatures vanquished

Notes
Turn   | Place    | Note
-------+----------+-------------------------------------------
     0 | D        | enile the Formicid Artificer began the quest for the Orb.
     0 | D        | Reached XP level 1. HP: 15/15 MP: 1/1
     1 | D        | Banished a spatial maelstrom
    10 | D        | Reached skill level 2 in Fighting
    20 | D        | Reached skill level 3 in Fighting
    26 | D        | Reached skill level 4 in Fighting
    26 | D        | Reached XP level 2. HP: 7/25 MP: 2/2
   264 | D        | Reached skill level 5 in Evocations
   264 | D        | Reached skill level 6 in Fighting
   264 | D        | Reached skill level 1 in Dodging
   264 | D        | Reached XP level 3. HP: 30/34 MP: 3/3
   334 | D        | Found a snail-covered altar of Cheibriados.
   334 | D        | Found a shadowy altar of Dithmenos.
   334 | D        | Found a white marble altar of Elyvilon.
   334 | D        | Found a blossoming altar of Fedhas.
   334 | D        | Found an opulent altar of Gozag.
   335 | D        | Found a hazy altar of Hepliaklqana.
   336 | D        | Found a viscous altar of Jiyva.
   337 | D        | Found an ancient bone altar of Kikubaaqudgha.
   338 | D        | Found a corrupted altar of Lugonu.
   339 | D        | Found a burning altar of Makhleb.
   340 | D        | Found a sparkling altar of Nemelex Xobeh.
   341 | D        | Found an iron altar of Okawaru.
   342 | D        | Found a stormy altar of Qazlal.
   343 | D        | Found a sacrificial altar of Ru.
   344 | D        | Found a shimmering blue altar of Sif Muna.
   345 | D        | Found a bloodstained altar of Trog.
   346 | D        | Found a hide-covered altar of Uskayaw.
   347 | D        | Found a radiant altar of Vehumet.
   348 | D        | Found an ornate altar of the Wu Jian Council.
   349 | D        | Found a shimmering altar of Xom.
   350 | D        | Found a basalt altar of Yredelemnul.
   351 | D        | Found a glowing silver altar of Zin.
   352 | D        | Found a glowing golden altar of the Shining One.
   465 | D        | Became a worshipper of Gozag Ym Sagoz the Greedy
   494 | D        | Noticed a yak
   494 | D        | Noticed a gargoyle
   494 | D        | Noticed an orc warrior
   494 | D        | Noticed a vampire mosquito
   494 | D        | Noticed a kobold brigand
   499 | D        | Reached XP level 4. HP: 40/40 MP: 4/4
   502 | D        | Killed a yak
   503 | D        | Reached skill level 5 in Dodging
   503 | D        | Reached skill level 10 in Fighting
   503 | D        | Reached XP level 5. HP: 39/53 MP: 5/5
   503 | D        | Reached XP level 6. HP: 45/60 MP: 6/6
   520 | D        | Slain by a gargoyle

Illustrated notes

Levels and vault maps discovered:
D:        linesprint [early_d, line_temple, items_1, d_10, items_2, lair_1,
          lair_end, items_3, orc_1, orc_end, items_4, d_15, swamp_1, shoals_1,
          snake_1, spider_1, d_20, vaults_1, items_5, swamp_end, shoals_end,
          snake_end, spider_end, vaults_end, d_27, items_6, zot_1, zot_end,
          crypt_end, forest_end, elf_end, slime_end, tomb_end, abyss_end,
          pan_hell_end]

Skill      XL: |  1  2  3  4 |
---------------+-------------+-----
Fighting       | 4 6 10 | 10.0
Evocations     | 5 |  5.0
Dodging        | 1 3 5 |  5.0
Armour         | 3 |  3.6
Stealth        | |  1.2

Action                   |  1- 3 |  4- 6 || total
-------------------------+-------+-------++-------
Melee: Club              |    22 |       ||    22
       Punch             |     1 |       ||     1
       Whip              |     6 |       ||     6
       Quarterstaff      |     4 |    16 ||    20
Evoke: Wand              |     2 |     2 ||     4
  Use: Potion            |       |     2 ||     2
Armor: Leather armour    |     6 |       ||     6
       Ring mail         |     2 |     2 ||     4
Dodge: Dodged            |    21 |     8 ||    29

Table legend: (Time is in decaauts)
 A = Elapsed time spent in this place.
 B = Non-inter-level travel time spent in this place.
 C = Inter-level travel time spent in this place.
 D = Time resting spent in this place.
 E = Time spent auto-exploring this place.
 F = Levels seen in this place.
 G = Mean time per level.
                   A        B        C        D        E       F      G
               +--------+--------+--------+--------+--------+-----+--------+
         Total |    522 |    522 |      0 |      0 |    310 |   1 |  522.0 |
       Dungeon |    522 |    522 |      0 |      0 |    310 |   1 |  522.0 |
               +--------+--------+--------+--------+--------+-----+--------+

Top non-repeatable levels by time:
       D: 522 daAuts
